 Dungeon Crawl Stone Soup version 0.26-a0-307-g4e7fcc93f0 (webtiles) character file.

Game seed: 6967892672202354910

132 Gargoyl the Skirmisher (level 4, -5/37 HPs)
             Began as a Palentonga Abyssal Knight on July 15, 2020.
             Was a Believer of Lugonu.
             Slain by an orc warrior
             ... wielding a +0 trident
              (6 damage)
             ... on level 3 of the Dungeon.
             The game lasted 00:04:10 (3455 turns).

Gargoyl the Skirmisher (Palentonga Abyssal Knight)  Turns: 3455, Time: 00:04:11

Health: -5/37      AC:  9    Str: 15    XL:     4   Next: 92%
Magic:  6/6        EV:  9    Int: 12    God:    Lugonu [**....]
Gold:   127        SH:  0    Dex: 11    Spells: 3/3 levels left

rFire    . . .     SeeInvis +   a - +2 hand axe
rCold    . . .     Faith    .   (no shield)
rNeg     . . .     Spirit   .   h - +1 ring mail
rPois    +         Reflect  +   e - +0 helmet
rElec    .         Harm     .   d - +0 cloak
rCorr    +                      (no gloves)
MR       .....                  (boots restricted)
Stlth    ..........             c - amulet of reflection
HPRegen  0.12/turn              g - ring of resist corrosion
MPRegen  0.10/turn              i - ring of poison resistance

@: confused, berserk cooldown, slowed, very slow
A: large, rugged brown scales 3, see invisible, deformed body, roll, armoured
tail
a: Rolling Charge, Depart the Abyss, Bend Space, Renounce Religion


You were on level 3 of the Dungeon.
You worshipped Lugonu.
Lugonu was pleased with you.
You visited 1 branch of the dungeon, and saw 4 of its levels.
You visited the Abyss 1 time.

You collected 127 gold pieces.

Inventory:

Hand Weapons
 a - a +2 hand axe (weapon)
Armour
 d - a +0 cloak (worn)
 e - a +0 helmet (worn)
 h - a +1 ring mail (worn)
Jewellery
 c - an amulet of reflection (around neck)
 g - a ring of resist corrosion (left hand)
 i - a ring of poison resistance (right hand)
Wands
 m - a wand of flame (15)
Scrolls
 k - a scroll of remove curse
Potions
 f - a potion of ambrosia {unknown}
 j - a potion of curing {unknown}
 l - a potion of cancellation {unknown}
 n - a potion of lignification {unknown}


   Skills:
 + Level 3.5 Fighting
 + Level 3.0 Axes
 * Level 2.3 Armour
 * Level 1.9 Dodging
 * Level 2.8 Invocations


You had 3 spell levels left.
You didn't know any spells.
Your spell library was empty.

Dungeon Overview and Level Annotations

Branches:
Dungeon (4/15)
 Temple: D:4-7

Altars:

Annotations:
D:3 Jessica


Innate Abilities, Weirdness & Mutations

You are completely covered in rugged brown scales. (AC +3, +7% HP)
You have supernaturally acute eyesight. (SInv)
Armour fits poorly on your strangely shaped body.
You can roll at foes to attack.
You have a long armoured tail.


Message History

You feel a strong urge to attack something.
You bump into the rock wall.
The orc warrior hits you from afar with a +0 trident.
* * * LOW HITPOINT WARNING * * *
The orc wizard gestures at you while chanting.
The puff of flame hits you.
* * * LOW HITPOINT WARNING * * *
You bump into the rock wall.
You feel your anger nearly subside.
The orc warrior hits you but does no damage.
The orc wizard casts a spell at you. The magic dart hits you.
* * * LOW HITPOINT WARNING * * *
You bump into the rock wall.
You bump into the rock wall.
Your blood rage is quickly leaving you.
You are no longer berserk.
You are exhausted.
You feel yourself slow down.
The orc warrior hits you from afar with a +0 trident.
You die...

......#
##................#>
#.#####
######....##.###.#######.
..#######.....†#.####....#
..
..........#####..#....####
... ########### # #.#.####
.#.. # ##.##.#.# .##.# #
#...o@..# .# #. #.###o###
.# #. #.#..@# ##.#.###
#######....# #..
#........#....... #.#
#.#####....###### #.# #.#
##..#### #.# ##.# #...#
##.## ###..###..## #....
#...##....# ##....


You could see an orc warrior, an orc wizard (invisible) and Jessica.

Vanquished Creatures
  An orc priest (D:3)
  An adder (D:2)
  An ooze (D:1)
  An adder skeleton (D:4)
  A worm (D:3)
  A dart slug (D:2)
  A leopard gecko (D:2)
  5 orcs
  5 giant cockroaches
  6 goblins
  11 hobgoblins
  7 jackals
  A quokka (D:3)
  5 bats
  8 frilled lizards
  12 kobolds
  7 rats
74 creatures vanquished.

Notes
Turn   | Place    | Note
-------+----------+-------------------------------------------
     0 | Abyss:1  | Gargoyl the Palentonga Abyssal Knight began the quest for
                  | the Orb.
     0 | Abyss:1  | Reached XP level 1. HP: 19/19 MP: 2/2
     9 | Abyss:1  | Found a corrupted altar of Lugonu.
    17 | Abyss:2  | Found a corrupted altar of Lugonu.
    34 | Abyss:2  | Found a corrupted altar of Lugonu.
    41 | Abyss:2  | Noticed a large abomination
    61 | Abyss:2  | Noticed a raiju
    62 | D:1      | Escaped the Abyss
   462 | D:1      | Reached * piety under Lugonu
   462 | D:1      | Reached XP level 2. HP: 18/25 MP: 3/3
   591 | D:1      | Reached skill level 1 in Dodging
   992 | D:1      | Reached XP level 3. HP: 31/31 MP: 4/4
  1541 | D:2      | Reached ** piety under Lugonu
  2520 | D:3      | Reached XP level 4. HP: 34/37 MP: 5/5
  2739 | D:3      | Noticed an orc warrior
  2740 | D:3      | Noticed Jessica
  3453 | D:3      | HP: 1/55 [orc wizard/magic dart (4)]
  3455 | D:3      | Slain by an orc warrior

Illustrated notes

Levels and vault maps discovered:
D:1:      dpeg_arrival_ternary, layout_rooms
D:2:      layout_basic, grunt_decor_mini_mirrors
D:3:      layout_rooms, uniq_jessica
D:4:      layout_rooms, kennysheep_mini_moat

Skill      XL: |  1  2  3  4 |
---------------+-------------+-----
Dodging        | 1 |  1.9
Armour         | 2 |  2.3
Axes           | 3 |  3.0
Fighting       | |  3.5
Invocations    | |  2.8

Action                   |  1- 3 |  4- 6 || total
-------------------------+-------+-------++-------
Melee: Hand axe          |   149 |    58 ||   207
       Tailslap          |     9 |     8 ||    17
Invok: Depart the Abyss  |     1 |       ||     1
       Bend Space        |       |     1 ||     1
 Abil: Rolling Charge    |       |     1 ||     1
  Use: Scroll            |     5 |     2 ||     7
       Potion            |       |     2 ||     2
Armor: Leather armour    |    67 |       ||    67
       Ring mail         |       |    41 ||    41
Dodge: Dodged            |    68 |    43 ||   111
Block: Other             |    43 |    21 ||    64
       Reflection        |     3 |     1 ||     4

Table legend:
 A = Non-vault XP
 B = Vault XP
 C = Vault XP percentage of total XP
 D = Non-vault monster count
 E = Vault monster count
 F = Vault count percentage of total count
                 A         B        C        D         E       F
            +---------+---------+-------+---------+---------+-------
      Total |     189 |       0 |   0.0 |      74 |       0 |   0.0
            +---------+---------+-------+---------+---------+-------
        D:1 |      45 |       0 |   0.0 |      26 |       0 |   0.0
        D:2 |      51 |       0 |   0.0 |      24 |       0 |   0.0
        D:3 |      81 |       0 |   0.0 |      20 |       0 |   0.0
        D:4 |      12 |       0 |   0.0 |       4 |       0 |   0.0
            +---------+---------+-------+---------+---------+-------
